 Dungeon Crawl Stone Soup version 0.32-a0-20-ge526923d97 (webtiles) character file.

Game seed: 3069025360525620420

103707 Xavori the Nimble (level 16, -5/118 HPs)
             Began as a Djinni Chaos Knight on Jan 17, 2024.
             Was a Plaything of Xom.
             Killed from afar by a thorn hunter (41 damage)
             ... with a volley of thorns
             ... on level 3 of the Lair of Beasts.
             The game lasted 00:48:57 (30399 turns).

Xavori the Nimble (Djinni Chaos Knight)            Turns: 30399, Time: 00:48:57

Health: -5/118     AC: 21    Str: 15    XL:     16   Next: 90%
Gold:   2750       EV: 18    Int: 16    God:    Xom [...*..] SH:  9 Dex: 17

rFire   + + +        Q - +6 long sword of Butchery {freeze, *Slow +Blink rPois rC+++}
rCold   + + .        V - +0 buckler
rNeg    . . .        d - +0 acid dragon scales
rPois   ∞            T - +2 hat
rElec   .            H - +2 cloak
rCorr   +            w - +0 pair of gloves
SInv    +            (boots unavailable)
Will    +....        G - amulet of regeneration
Stlth   +            z - +4 ring of protection
HPRegen 1.19/turn    (no ring)
MPRegen 0.00/turn

%: slow self (1%), infuse magic (-6 HP)
@: about to teleport, flying, very slightly contaminated
A: sickness immunity, fire resistance 3, cold vulnerability 1, float, innate
caster, HP casting, extra vitality 1, horns 2, large bone plates 1, see
invisible, shaggy fur 1, strong 1, wild magic 1, inability to read after injury
1
a: Renounce Religion, Evoke Blink


You were on level 3 of the Lair of Beasts.
You worshipped Xom.
You were a favourite toy of Xom.
You visited 4 branches of the dungeon, and saw 23 of its levels.
You also visited: Sewer and Bailey.

You collected 3682 gold pieces.
You spent 932 gold pieces at shops.

Inventory:

Hand Weapons
 Q - the +6 long sword of Butchery (weapon) {freeze, *Slow +Blink rPois rC+++}
   (You found it on level 3 of the Lair of Beasts)

   rC+++:     It renders you almost immune to cold.
   rPois:     It protects you from poison +Blink: It lets you blink.
   *Slow:     It may slow you when you take damage.
 W - a +0 scimitar of flaming
Missiles
 I - 2 throwing nets (quivered)
Armour
 b - a +2 leather armour
 d - +0 acid dragon scales (worn)
 v - the +3 ring mail of the Gardener {+Blink}
   (You found it on level 3 of the Dungeon)

   +Blink:    It lets you blink.
 w - a +0 pair of gloves (worn)
 C - a +0 kite shield
 H - a +2 cloak (worn)
 T - a +2 hat (worn)
 V - a +0 buckler (worn)
Jewellery
 z - a +4 ring of protection (left hand)
 G - an amulet of regeneration (around neck)
 L - a ring of ice
 R - a ring of fire
Wands
 j - a wand of acid (10)
 F - a wand of mindburst (18)
 J - a wand of roots (27)
 M - a wand of paralysis (18)
 U - a wand of flame (15)
 Z - a wand of digging (3)
Scrolls
 c - a scroll of butterflies
 f - a scroll of vulnerability
 g - 5 scrolls of brand weapon
 k - 5 scrolls of poison
 q - 11 scrolls of teleportation
 s - 4 scrolls of enchant weapon
 x - 2 scrolls of torment
 y - 10 scrolls of fog
 A - 3 scrolls of enchant armour
 B - 2 scrolls of blinking
 D - 7 scrolls of revelation
 P - 3 scrolls of summoning
 S - 3 scrolls of fear
 Y - 2 scrolls of identify
Potions
 e - 5 potions of haste
 h - 3 potions of invisibility
 i - 3 potions of cancellation
 l - 5 potions of might
 m - 10 potions of mutation
 n - 2 potions of resistance
 o - 7 potions of ambrosia
 p - 7 potions of brilliance
 r - 3 potions of heal wounds
 t - a potion of berserk rage {unknown}
 u - 8 potions of curing
 K - a potion of lignification {unknown}
 N - a potion of enlightenment {unknown}
 X - a potion of attraction
Miscellaneous
 a - a tin of tremorstones (2/2)
 E - a phantom mirror


   Skills:
 + Level 12.1 Fighting
 + Level 11.1 Long Blades
 + Level 11.7 Armour
 + Level 12.9 Dodging
 + Level 2.8 Shields
 * Level 12.0 Spellcasting
 * Level 12.0 Conjurations
 * Level 12.0 Hexes
 * Level 12.0 Summonings
 * Level 12.0 Necromancy
 * Level 12.0 Translocations
 * Level 12.0 Fire Magic
 * Level 12.0 Ice Magic
 * Level 12.0 Air Magic
 * Level 12.0 Earth Magic
 * Level 12.0 Alchemy
 - Level 9.3 Evocations


You knew the following spells:

 Your Spells              Type           Power      Damage    Failure   Level
a - Sandblast             Erth           100%       2d20      1%          1
b - Searing Ray           Conj           100%       2d8       1%          2
c - Sigil of Binding      Hex            58%        N/A       1%          3
d - Martyr's Knell        Necr/Summ      58%        N/A       1%          4
e - Brom's Barrelling Bo  Conj/Erth      58%        2d7       1%          4
f - Fireball              Conj/Fire      29%        3d13      4%          5
g - Plasma Beam           Fire/Air       29%        2x1d41    21%         6
Your spell library was empty.

Dungeon Overview and Level Annotations

Branches:
Dungeon (15/15)            Temple (0/1) D:6            Lair (5/5) D:10
  Swamp (1/4) Lair:3        Snake (0/4) Lair:3        Slime (0/5) Lair:5
    Orc (2/2) D:12            Elf (0/3) Orc:2        Vaults (0/5) D:14
 Depths (0/4) D:15          Sewer (visited)          Bailey (visited)

Altars:
Dithmenos
Hepliaklqana
Makhleb
Nemelex Xobeh
Qazlal
Uskayaw
Wu Jian
Xom

Shops:
D:6 (   D:8 *   Orc:1 [   Orc:2 *?[*

Annotations:
D:5 1 runed translucent door, OldManVictorn's ghost, weakling GnDe
D:12 1 runed translucent door
Lair:3 exclusion: 4 oklob plants


Innate Abilities, Weirdness & Mutations

You are immune to sickness and miasma.
You are immune to poison.
Your flesh is almost immune to the effects of heat. (rF+++)
You are vulnerable to cold. (rC-)
You float through the air rather than walking.
You learn spells naturally, not from books.
Your magical power is your life essence.
You have superior vitality. (+4 MHP)
You have a pair of horns on your head.
You are partially covered in large bone plates. (SH +4)
You have supernaturally acute eyesight. (SInv)
You are covered in fur. (AC +1)
Your muscles are strong. (Str +4, Int/Dex -1)
Your spells are a little harder to cast, but a little more powerful.
You occasionally lose the ability to read scrolls when taking damage.


Message History

The tyrant leech is almost dead.
You block the thorn hunter's attack. The thorn hunter closely misses you.
You block the tyrant leech's attack.
Unknown command.
You barely miss the tyrant leech. You headbutt the tyrant leech.
The tyrant leech is almost dead.
The thorn hunter fires a volley of thorns at you.
The volley of thorns hits you! The tyrant leech bites you!!
The thorn hunter attacks as it pursues you!
You block the thorn hunter's attack. x2; The thorn hunter hits you.
The thorn hunter closely misses you.
Casting: Plasma Beam (dangerous; 21% risk of failure)
Confirm with . or Enter, or press ? or * to list all spells.
Casting: Plasma Beam (dangerous; 21% risk of failure)
Press: ? - help, Dir - look around, f - activate You miscast Plasma Beam.
Nothing appears to happen.
The thorn hunter hits you.
The thorn hunter hits you but does no damage.
Unknown command.
As you read the scroll of teleportation, it crumbles to dust.
You feel strangely unstable.
The tyrant leech bites you but does no damage.
The thorn hunter hits you but does no damage.
You block the thorn hunter's attack.
Unknown command.
You hit the tyrant leech. You freeze the tyrant leech.
You headbutt the tyrant leech.
You kill the tyrant leech!
The thorn hunter closely misses you. You block the thorn hunter's attack.
You barely miss the thorn hunter.
The thorn hunter fires a volley of thorns at you.
The volley of thorns hits you!!
* * * LOW HITPOINT WARNING * * *
Unknown command.
The thorn hunter attacks as it pursues you!
The thorn hunter barely misses you. The thorn hunter closely misses you.
The briar patch crumbles away. x3
The thorn hunter fires a volley of thorns at you.
The volley of thorns hits you!!!
You die...
Xom bursts into laughter!

..#.....#...........#.≈##≈§......
#...#!.#.##..........§§≈§≈§......
##.....#.##..........§≈§§≈.......
#...#...#........§§...§§.......<#
..#....#.#.#.##.§§§#§§.#..P......
.#.#...#.###.#..§§§§§.......P...#
......#.#.#..PP§.§f§§§...##.PP.##
#....#.#......P§....§.§.....P..##
##..#.#.......P.@....#.....P.....
#....#.......PP....§.#...##...P.#
....#.#.......PPPPP<.#...####...#
...#.##.†....P##PPP##..P.#.##..##
..#.#.#.†...........##...##....##
.###.#..†..........####..##....##
#.#.#...............##.........#.
.#.#.#.........................##
#.#.#..............#.#....#.....#


You could see a thorn hunter.

Vanquished Creatures
  Gastronok (D:11)
  An azure jelly (Lair:3)
  A minotaur (D:12)
  An ettin (D:15)
  2 fire dragons
  A vault guard (D:14)
  An anaconda (Lair:5)
  7 centaur warriors
  Erica (Orc:1)
  5 hydras
  2 two-headed ogres
  A death knight (D:15)
  A dancing weapon (D:14)
  5 boulder beetles
  10 death yaks
  A hell hog (Lair:5)
  A tengu warrior (D:15)
  Nergalle (D:10)
  A swamp dragon (Lair:5)
  4 skeletal warriors
  A deep troll (D:15)
  A phantasmal warrior (D:15)
  A bog body (Swamp:1)
  Pikel (D:6)
  A harpy (shapeshifter) (D:14)
  6 orc knights
  2 necromancers (D:15)
  2 deep elf pyromancers
  8 cyclopes
  2 orc sorcerers (Orc:1)
  13 ugly things
  3 meliai (D:13)
  3 black mambas
  A guardian serpent (Lair:4)
  8 elephants
  4 torpor snails
  5 kobold blastminers
  8 cane toads
  2 gargoyles (D:12)
  2 kobold demonologists (D:9)
  3 rime drakes
  3 efreet
  13 komodo dragons
  A freezing wraith (D:14)
  A tengu conjurer (D:13)
  A tyrant leech (Lair:3)
  A queen bee (Lair:3)
  8 trolls
  A merfolk (Lair:4)
  11 polar bears
  Grinder (D:4)
  4 dream sheep
  3 raiju (Lair:5)
  7 blink frogs
  2 slime creatures (D:13)
  A vampire (D:13)
  Sigmund (D:2)
  5 spriggans (Bailey)
  2 water elementals (D:12)
  6 shadows
  7 wraiths
  A spriggan (shapeshifter) (Lair:3)
  6 wyverns
  A basilisk (shapeshifter) (D:14)
  37 yaks
  9 wargs
  8 vampire mosquitoes
  5 steam dragons
  4 basilisks
  3 acid dragons
  16 water moccasins
  14 hell hounds (Lair:5)
  3 nagas (Lair:3)
  33 orc warriors
  2 ice beasts
  3 swamp drakes (Lair:5)
  2 laughing skulls (D:15)
  15 black bears
  11 ogres
  A crocodile (Sewer)
  19 wolves
  A tengu (shapeshifter) (D:6)
  4 lemures (D:6)
  13 centaurs
  4 kobold brigands
  A brain worm (Sewer)
  Blork the orc (D:6)
  9 bullfrogs
  2 gnoll sergeants
  2 scorpions (D:5)
  4 wights (D:7)
  A ballistomycete (D:8)
  66 killer bees
  6 howler monkeys
  6 electric eels
  A bombardier beetle (D:5)
  7 jellies
  3 hounds
  2 gnoll boudas
  6 orc priests
  A sleepcap (D:6)
  4 iguanas
  20 orc wizards
  19 gnolls
  13 adders
  5 river rats
  A white imp (D:7)
  4 dart slugs
  4 ribbon worms (D:3)
  60 orcs
  10 ball pythons
  4 endoplasms
  5 giant cockroaches
  11 goblins
  6 hobgoblins
  9 jackals
  3 quokkas
  8 bats
  8 frilled lizards
  24 kobolds
  12 rats
767 creatures vanquished.

Vanquished Creatures (collateral kills)
  Josephine (Lair:4)
  A hydra (Lair:3)
  An orc sorcerer (Orc:2)
  An ugly thing (D:15)
  A rime drake (Lair:3)
  A komodo dragon (Lair:4)
  2 yaks
  2 wyverns (Lair:3)
  2 wraiths (Lair:4)
  A basilisk (Lair:3)
  A centaur (D:4)
  2 wolves (Lair:3)
  9 killer bees
  An orc priest (D:4)
  An endoplasm (D:4)
  2 giant cockroaches (D:4)
  A hobgoblin (D:4)
  A jackal (D:1)
  7 boulders
38 creatures vanquished.

Vanquished Creatures (others)
  2 dancing weapons
  An orc high priest (Orc:2)
  A kobold blastminer (Orc:2)
  A bloated husk (Swamp:1)
  A gnoll (D:8)
  3 orcs (Orc:2)
  A ball python zombie (D:3)
  13 boulders
23 creatures vanquished.

Grand Total: 828 creatures vanquished

Notes
Turn   | Place    | Note
-------+----------+-------------------------------------------
     0 | D:1      | Xavori the Djinni Chaos Knight began the quest for the Orb.
     0 | D:1      | Reached XP level 1. HP: 20/20 MP: 0/0
   229 | D:1      | Reached XP level 2. HP: 25/25 MP: 0/0
   624 | D:1      | Reached XP level 3. HP: 30/30 MP: 0/0
   624 | D:1      | Learned a level 1 spell: Sandblast
  1898 | D:1      | XOM is BORED!
  1898 | D:1      | XOM: give mutation
  1898 | D:1      | Gained mutation: Your flesh is almost immune to the effects
                  | of heat. (rF+++) [Xom's mischief]
  2003 | D:1      | XOM: draining
  2336 | D:1      | XOM: summons 1 hostile shadow creature
  2999 | D:1      | XOM: summons 2 hostile demons
  3439 | D:1      | XOM: torment (14/25 hp)
  3560 | D:1      | XOM: summons 3 hostile shadow creatures
  3572 | D:2      | Reached skill level 1 in Spellcasting
  3572 | D:2      | Reached skill level 1 in Conjurations
  3572 | D:2      | Reached skill level 1 in Hexes
  3572 | D:2      | Reached skill level 1 in Summonings
  3572 | D:2      | Reached skill level 1 in Necromancy
  3572 | D:2      | Reached skill level 1 in Translocations
  3572 | D:2      | Reached skill level 1 in Fire Magic
  3572 | D:2      | Reached skill level 1 in Ice Magic
  3572 | D:2      | Reached skill level 1 in Air Magic
  3572 | D:2      | Reached skill level 1 in Earth Magic
  3572 | D:2      | Reached skill level 1 in Alchemy
  3995 | D:1      | XOM: summons 1 hostile shadow creature
  4409 | D:1      | XOM: torment (14/25 hp)
  4915 | D:1      | XOM: summons 4 hostile shadow creatures
  5706 | D:1      | XOM: give mutation
  5706 | D:1      | Gained mutation: You are partially covered in large bone
                  | plates. (SH +4) [Xom's grace]
  5954 | D:2      | Noticed Sigmund
  6104 | D:2      | Killed Sigmund
  6105 | D:2      | Reached XP level 4. HP: 33/37 MP: 0/0
  6105 | D:2      | Reached XP level 5. HP: 37/41 MP: 0/0
  6105 | D:2      | Learned a level 2 spell: Searing Ray
  6105 | D:2      | Reached XP level 6. HP: 42/47 MP: 0/0
  6174 | D:2      | XOM: enchant monster (bad)
  6251 | D:2      | Found a sparkling altar of Nemelex Xobeh.
  6426 | D:2      | XOM: stat loss: -1 Dex (13/14)
  6672 | D:3      | XOM: give mutations
  6672 | D:3      | Gained mutation: You are robust. (+10% HP) [Xom's mischief]
  6672 | D:3      | Gained mutation: You are agile. (Dex +4, Str/Int -1) [Xom's
                  | mischief]
  6679 | D:3      | XOM: enchant monster (bad)
  6865 | D:3      | Found a faded altar of an unknown god.
  6903 | D:3      | XOM: 6-stop teleportation journey
  7046 | D:3      | Found a glowing drain.
  7055 | Sewer    | Entered a sewer
  7082 | Sewer    | XOM: cast spell 'Summon Cactus Giant'
  7142 | Sewer    | Reached XP level 7. HP: 53/57 MP: 0/0
  7142 | Sewer    | Learned a level 3 spell: Sigil of Binding
  7291 | Sewer    | XOM: divination: detect creatures
  7742 | Sewer    | Reached XP level 8. HP: 63/63 MP: 0/0
  8304 | D:3      | Identified the +3 ring mail of the Gardener {+Blink}
  8323 | D:3      | XOM: 2-stop teleportation journey
  8645 | D:4      | Found an ornate altar of the Wu Jian Council.
  8659 | D:4      | Noticed Grinder
  8660 | D:4      | XOM: enchant monster (bad)
  8671 | D:4      | XOM: noise
  8674 | D:4      | XOM: chaos upgrade
  8745 | D:4      | XOM: cast spell 'Monstrous Menagerie'
  8749 | D:4      | Paralysed by Grinder for 2 turns
  8753 | D:4      | Killed Grinder
  9277 | D:4      | Noticed a shadow
  9278 | D:4      | Found a shadowy altar of Dithmenos.
  9279 | D:4      | Found a hazy altar of Hepliaklqana.
  9365 | D:4      | XOM: silly message
  9446 | D:5      | Entered Level 5 of the Dungeon
  9494 | D:5      | XOM: torment (31/63 hp)
  9503 | D:5      | XOM: enchant monster (good)
  9509 | D:5      | Reached skill level 5 in Fighting
  9633 | D:5      | XOM: god gift: 30 gold pieces
  9716 | D:4      | XOM: enchant monster (good)
  9829 | D:5      | XOM: chaos upgrade
  9914 | D:5      | XOM: scenery: create altars
 10020 | D:5      | XOM: god gift: javelin
 10044 | D:5      | Reached skill level 5 in Dodging
 10044 | D:5      | Reached XP level 9. HP: 40/71 MP: 0/0
 10044 | D:5      | Learned a level 4 spell: Martyr's Knell
 10191 | D:5      | Identified the +6 trident "Meumiv" {drain, Dex+3}
 10243 | D:5      | Found a stormy altar of Qazlal.
 10345 | D:5      | Found a runed translucent door.
 10345 | D:5      | XOM: 3-stop teleportation journey
 10387 | D:5      | XOM: 5-stop teleportation journey
 10470 | D:5      | Noticed OldManVictorn's ghost (weakling GnDe)
 10540 | D:5      | XOM: god gift: 49 gold pieces
 10559 | D:5      | XOM: give mutations
 10559 | D:5      | Gained mutation: You are covered in fur. (AC +1) [Xom's
                  | grace]
 10559 | D:5      | Gained mutation: Your spells are a little harder to cast,
                  | but a little more powerful. [Xom's grace]
 10629 | D:5      | XOM: god gift: scroll of amnesia
 10756 | D:5      | XOM: summons friendly ufetubus
 10814 | D:5      | XOM: silly message
 11064 | D:6      | Found a staircase to the Ecumenical Temple.
 11091 | D:6      | XOM: divination: detect items
 11099 | D:6      | Reached skill level 5 in Spellcasting
 11099 | D:6      | Reached skill level 5 in Conjurations
 11099 | D:6      | Reached skill level 5 in Hexes
 11099 | D:6      | Reached skill level 5 in Summonings
 11099 | D:6      | Reached skill level 5 in Necromancy
 11099 | D:6      | Reached skill level 5 in Translocations
 11099 | D:6      | Reached skill level 5 in Fire Magic
 11099 | D:6      | Reached skill level 5 in Ice Magic
 11099 | D:6      | Reached skill level 5 in Air Magic
 11099 | D:6      | Reached skill level 5 in Earth Magic
 11099 | D:6      | Reached skill level 5 in Alchemy
 11190 | D:6      | Reached skill level 5 in Long Blades
 11303 | D:6      | Noticed Blork the orc
 11321 | D:6      | XOM: potion effect (invisibility)
 11332 | D:6      | Killed Blork the orc
 11422 | D:6      | Noticed Maggie
 11422 | D:6      | XOM: 1-stop teleportation journey
 11426 | D:6      | XOM: summons friendly quasit
 11444 | D:6      | Maggie changed into Maggie the shapeshifter
 11444 | D:6      | XOM: polymorph Maggie -> Maggie the shapeshifter
 11444 | D:6      | Maggie the shapeshifter changed into Maggie the rime drake
 11444 | D:6      | Noticed Maggie (shapeshifter)
 11446 | D:6      | Maggie the rime drake changed into Maggie the tengu
 11656 | D:6      | Noticed Pikel
 11667 | D:6      | XOM: cast spell 'Summon Small Mammal'
 11674 | D:6      | XOM: divination: magic mapping
 11721 | D:6      | XOM: potion effect (brilliance)
 11738 | D:6      | Killed Pikel
 11739 | D:6      | Reached skill level 5 in Armour
 11773 | D:6      | Found Zablasch's Antique Weapon Shoppe.
 11790 | D:6      | XOM: silly message
 12146 | D:7      | XOM: noise
 12151 | D:7      | XOM: cast spell 'Leda's Liquefaction'
 12164 | D:7      | XOM: enchant monster (good)
 12279 | D:7      | Reached XP level 10. HP: 63/79 MP: 0/0
 12283 | D:7      | XOM: divination: magic mapping
 12837 | D:8      | XOM: potion effect (brilliance)
 13254 | D:8      | XOM: potion effect (haste)
 13264 | D:8      | XOM: enchant monster (bad)
 13316 | D:8      | XOM: blink monster(s)
 13326 | D:8      | XOM: confuse monster(s)
 13462 | D:8      | Found Xaogo's Neck Hole.
 13469 | D:8      | Bought an amulet of regeneration for 330 gold pieces
 13469 | D:8      | Bought a +2 cloak for 181 gold pieces
 13542 | D:8      | XOM: polymorph sleepcap -> ballistomycete
 13940 | D:9      | XOM: divination: detect creatures
 13964 | D:9      | Reached skill level 1 in Evocations
 14007 | D:9      | XOM: 1-stop teleportation journey
 14320 | D:9      | Found a burning altar of Makhleb.
 14320 | D:9      | Noticed a balrug
 14430 | D:10     | Entered Level 10 of the Dungeon
 14433 | D:10     | Noticed a kobold demonologist
 14434 | D:10     | Noticed a kobold demonologist
 14439 | D:10     | Noticed a sixfirhy
 14451 | D:9      | Reached XP level 11. HP: 85/85 MP: 0/0
 14451 | D:9      | Learned a level 4 spell: Brom's Barrelling Boulder
 14565 | D:9      | Noticed a sixfirhy
 14639 | D:10     | Found a flagged portal.
 14652 | Bailey   | Entered a bailey
 14659 | Bailey   | XOM: potion effect (invisibility)
 14673 | Bailey   | XOM: polymorph ogre -> killer bee
 14681 | Bailey   | XOM: divination: magic mapping
 14706 | Bailey   | XOM: enchant monster (good)
 14831 | Bailey   | Noticed a two-headed ogre
 14835 | Bailey   | XOM: destruction
 14853 | Bailey   | Killed a two-headed ogre
 14869 | Bailey   | Identified the +3 scimitar "Quodgheg" {antimagic, rF+
                  | Will+}
 14974 | Bailey   | XOM: 3-stop teleportation journey
 15048 | D:10     | XOM: 8-stop teleportation journey
 15058 | D:10     | Noticed an elephant
 15061 | D:10     | Noticed Nergalle
 15072 | D:10     | XOM: summons friendly shadow imp
 15132 | D:10     | XOM: potion effect (brilliance)
 15218 | D:10     | XOM: confuse monster(s)
 15279 | D:10     | XOM: confuse monster(s)
 15334 | D:9      | Killed an elephant
 15372 | D:10     | XOM: swap monsters
 15380 | D:10     | XOM: confuse monster(s)
 15398 | D:10     | Killed Nergalle
 15445 | D:10     | Found a staircase to the Lair.
 15548 | D:10     | XOM: draining
 15719 | Lair:1   | Entered Level 1 of the Lair of Beasts
 15795 | Lair:1   | XOM: summons 2 friendly demons
 15799 | Lair:1   | XOM: confuse monster(s)
 15818 | D:10     | XOM: confuse monster(s)
 15888 | D:10     | Reached XP level 12. HP: 82/94 MP: 0/0
 15908 | Lair:1   | XOM: cleaving
 16051 | Lair:1   | XOM: god gift: scroll of fog
 16054 | Lair:1   | XOM: give mutations
 16054 | Lair:1   | Gained mutation: You have a somewhat thin skeletal
                  | structure. (Dex +2, Stealth+) [Xom's grace]
 16054 | Lair:1   | Gained mutation: You have a pair of small horns on your
                  | head. [Xom's grace]
 16141 | Lair:1   | XOM: blink monster(s)
 16185 | Lair:1   | XOM: potion effect (haste)
 16189 | Lair:1   | XOM: scenery: summon butterflies
 16193 | Lair:1   | XOM: scenery: summon butterflies
 16277 | Lair:1   | XOM: summons friendly quasit
 16286 | Lair:1   | XOM: 1-stop teleportation journey
 16316 | Lair:1   | XOM: potion effect (might)
 16503 | Lair:1   | XOM: silly message
 16821 | Lair:1   | XOM: god gift: wand of acid (7)
 17034 | Lair:2   | Reached skill level 5 in Evocations
 17039 | Lair:2   | XOM: 5-stop teleportation journey
 17077 | Lair:2   | XOM: 2-stop teleportation journey
 17094 | Lair:2   | XOM: cast spell 'Fugue of the Fallen'
 17368 | Lair:2   | Noticed a death yak
 17369 | Lair:2   | Noticed a death yak
 17400 | Lair:2   | XOM: potion effect (attraction)
 17408 | Lair:1   | XOM: divination: detect creatures
 17422 | Lair:1   | XOM: enchant monster (good)
 17443 | Lair:1   | XOM: divination: detect items
 17445 | Lair:1   | Killed a death yak
 17486 | Lair:2   | XOM: confuse monster(s)
 17510 | Lair:1   | Killed a death yak
 17669 | Lair:2   | Found an ornate altar of the Wu Jian Council.
 17669 | Lair:2   | Found a hide-covered altar of Uskayaw.
 17669 | Lair:2   | Noticed a boulder beetle
 17671 | Lair:2   | XOM: summons friendly ufetubus
 17673 | Lair:2   | XOM: divination: detect items
 17677 | Lair:2   | XOM: summons friendly iron imp
 17682 | Lair:2   | XOM: summons friendly ufetubus
 17775 | Lair:2   | Killed a boulder beetle
 18090 | Lair:3   | Found a staircase to the Swamp.
 18152 | Lair:3   | Noticed a seven-headed hydra
 18153 | Lair:3   | XOM: cast spell 'Summon Ice Beast'
 18160 | Lair:3   | XOM: summons friendly ynoxinul
 18168 | Lair:3   | Killed an eight-headed hydra
 18169 | Lair:3   | Reached XP level 13. HP: 53/103 MP: 0/0
 18169 | Lair:3   | Learned a level 5 spell: Fireball
 18336 | Lair:3   | XOM: 5-stop teleportation journey
 18341 | Lair:3   | Identified the +6 long sword of Butchery {freeze, *Slow
                  | +Blink rPois rC+++}
 18389 | Lair:3   | XOM: enchant monster (bad)
 18392 | Lair:3   | XOM: 3-stop teleportation journey
 18414 | Lair:3   | XOM: cast spell 'Alistair's Intoxication'
 18439 | Lair:3   | XOM: fog
 18486 | Lair:3   | XOM: cast spell 'Summon Mana Viper'
 18636 | Lair:3   | XOM: polymorph basilisk -> glowing shapeshifter
 18661 | Lair:3   | XOM: summons 2 friendly demons
 18852 | Lair:3   | Found a staircase to the Snake Pit.
 18868 | Lair:3   | XOM: summons friendly white imp
 18973 | Lair:3   | XOM: destruction
 19014 | Lair:3   | XOM: scenery: create altars
 19168 | Lair:3   | a death yak changed into an azure jelly
 19168 | Lair:3   | Noticed an azure jelly
 19168 | Lair:3   | XOM: polymorph death yak -> azure jelly
 19173 | Lair:3   | Killed an azure jelly
 19174 | Lair:3   | Reached skill level 10 in Dodging
 19296 | Lair:3   | XOM: stat loss: -1 Dex (20/21)
 19477 | Lair:4   | XOM: polymorph yak -> guardian serpent
 19546 | Lair:4   | XOM: scenery: create altars
 19585 | Lair:4   | XOM: confusion (+ monsters)
 19592 | Lair:4   | XOM: summons 2 hostile demons
 19593 | Lair:4   | XOM: repel stairs
 19601 | Lair:4   | XOM: divination: magic mapping
 19602 | Lair:4   | XOM: fake destruction
 19604 | Lair:4   | XOM: enchant monster (bad)
 19610 | Lair:4   | XOM: noise
 19614 | Lair:4   | XOM: swap monsters
 19633 | Lair:4   | XOM: potion effect (attraction)
 19643 | Lair:4   | XOM: divination: detect creatures
 19648 | Lair:4   | XOM: potion effect (invisibility)
 19651 | Lair:4   | XOM: fake destruction
 19655 | Lair:4   | XOM: summons 9 friendly demons
 19697 | Lair:3   | XOM: scenery: summon butterflies
 19763 | Lair:4   | XOM: enchant monster (good)
 19776 | Lair:4   | XOM: enchant monster (good)
 19787 | Lair:4   | XOM: fake destruction
 19794 | Lair:4   | XOM: give mutations
 19794 | Lair:4   | Gained mutation: Your muscles are strong. (Str +4, Int/Dex
                  | -1) [Xom's grace]
 19794 | Lair:4   | Gained mutation: Your natural rate of healing is unusually
                  | fast. [Xom's grace]
 19794 | Lair:4   | Gained mutation: You have a pair of horns on your head.
                  | [Xom's grace]
 19824 | Lair:4   | XOM: scenery: summon butterflies
 19863 | Lair:4   | Noticed a six-headed hydra
 19872 | Lair:4   | a six-headed hydra changed into a merfolk
 19872 | Lair:4   | XOM: polymorph six-headed hydra -> merfolk
 19949 | Lair:4   | Noticed Josephine
 19955 | Lair:4   | Reached XP level 14. HP: 99/112 MP: 0/0
 19962 | Lair:4   | XOM: cast spell 'Olgreb's Toxic Radiance'
 19962 | Lair:4   | Killed Josephine
 20120 | Lair:4   | XOM: swap monsters
 20121 | Lair:4   | XOM: enchant monster (bad)
 20126 | Lair:4   | XOM: blink monster(s)
 20131 | Lair:4   | XOM: confuse monster(s)
 20134 | Lair:4   | HP: 3/112 [death yak (18)]
 20309 | Lair:4   | XOM: give mutation
 20309 | Lair:4   | Gained mutation: Armour fits poorly on your strangely
                  | shaped body. [Xom's mischief]
 20327 | Lair:4   | XOM: give mutations
 20327 | Lair:4   | Lost mutation: Your spells are a little harder to cast, but
                  | a little more powerful. [Xom's mischief]
 20327 | Lair:4   | Gained mutation: You have hidden genetic defects. [Xom's
                  | mischief]
 20338 | Lair:4   | XOM: chaos cloud
 20341 | Lair:4   | Reached skill level 10 in Fighting
 20341 | Lair:4   | Reached skill level 10 in Spellcasting
 20341 | Lair:4   | Reached skill level 10 in Conjurations
 20341 | Lair:4   | Reached skill level 10 in Hexes
 20341 | Lair:4   | Reached skill level 10 in Summonings
 20341 | Lair:4   | Reached skill level 10 in Necromancy
 20341 | Lair:4   | Reached skill level 10 in Translocations
 20341 | Lair:4   | Reached skill level 10 in Fire Magic
 20341 | Lair:4   | Reached skill level 10 in Ice Magic
 20341 | Lair:4   | Reached skill level 10 in Air Magic
 20341 | Lair:4   | Reached skill level 10 in Earth Magic
 20341 | Lair:4   | Reached skill level 10 in Alchemy
 20510 | Lair:4   | XOM: summons 3 hostile shadow creatures
 20686 | Lair:4   | a boulder beetle changed into a minotaur
 20686 | Lair:4   | Noticed a minotaur
 20686 | Lair:4   | XOM: polymorph boulder beetle -> minotaur
 20713 | Lair:4   | XOM: cleaving
 20718 | Lair:4   | a minotaur changed into a death yak
 20718 | Lair:4   | XOM: polymorph minotaur -> death yak
 20746 | Lair:4   | XOM: give mutations
 20746 | Lair:4   | Lost mutation: You are agile. (Dex +4, Str/Int -1) [Xom's
                  | mischief]
 20746 | Lair:4   | Lost mutation: Your flesh is almost immune to the effects
                  | of heat. (rF+++) [Xom's mischief]
 20870 | Lair:5   | Entered Level 5 of the Lair of Beasts
 20880 | Lair:4   | XOM: give mutations
 20880 | Lair:4   | Gained mutation: Your flesh is almost immune to the effects
                  | of heat. (rF+++) [Xom's mischief]
 20880 | Lair:4   | Lost mutation: You are robust. (+10% HP) [Xom's mischief]
 20880 | Lair:4   | Gained mutation: You expend health (3 HP) to strengthen
                  | your wands. [Xom's mischief]
 20880 | Lair:4   | Lost mutation: Armour fits poorly on your strangely shaped
                  | body. [Xom's mischief]
 21126 | Lair:5   | XOM: cast spell 'Disjunction'
 21162 | Lair:5   | Gained mutation: You occasionally lose the ability to read
                  | scrolls when taking damage. [hidden defects]
 21237 | Lair:5   | Found a staircase to the Slime Pits.
 21253 | Lair:5   | XOM: polymorph jelly -> frilled lizard
 21505 | Lair:5   | XOM: give mutation
 21505 | Lair:5   | Lost mutation: You have hidden genetic defects. [Xom's
                  | mischief]
 21506 | Lair:5   | XOM: confusion
 21516 | Lair:5   | XOM: potion effect (might)
 21524 | Lair:5   | XOM: enchant monster (good)
 21537 | Lair:5   | XOM: summons 5 friendly demons
 21542 | Lair:5   | Reached skill level 10 in Armour
 21590 | Lair:5   | XOM: confuse monster(s)
 21618 | Lair:5   | XOM: enchant monster (good)
 21661 | Lair:5   | XOM: silly message
 21698 | Lair:5   | XOM: noise
 21701 | Lair:5   | XOM: blink monster(s)
 21711 | Lair:5   | Reached XP level 15. HP: 91/109 MP: 0/0
 21711 | Lair:5   | Learned a level 6 spell: Plasma Beam
 21959 | Lair:5   | XOM: 1-stop teleportation journey
 22606 | D:11     | Noticed Gastronok
 22610 | D:11     | Killed Gastronok
 22683 | D:11     | XOM: 9-stop teleportation journey
 22710 | D:11     | Reached skill level 10 in Long Blades
 23183 | D:12     | XOM: 1-stop teleportation journey
 23361 | D:12     | Found a runed translucent door.
 23688 | D:12     | Found a staircase to the Orcish Mines.
 23717 | D:12     | XOM: 2-stop teleportation journey
 24278 | Orc:1    | Entered Level 1 of the Orcish Mines
 24282 | Orc:1    | XOM: give mutations
 24282 | Orc:1    | Lost mutation: You expend health (3 HP) to strengthen your
                  | wands. [Xom's mischief]
 24282 | Orc:1    | Lost mutation: Your natural rate of healing is unusually
                  | fast. [Xom's mischief]
 24282 | Orc:1    | Gained mutation: You have supernaturally acute eyesight.
                  | (SInv) [Xom's mischief]
 24298 | Orc:1    | Found Laolimi's Armour Boutique.
 24473 | Orc:1    | Noticed Erica
 24484 | Orc:1    | Killed Erica
 24488 | Orc:1    | XOM: confusion (+ monsters)
 24501 | Orc:1    | XOM: confusion (+ monsters)
 24695 | Orc:1    | XOM: summons 6 hostile demons
 24773 | Orc:1    | XOM: silly message
 24793 | Orc:1    | Paralysed by an orc sorcerer for 2 turns
 24828 | Orc:1    | XOM: give mutations
 24828 | Orc:1    | Lost mutation: Your flesh is almost immune to the effects
                  | of heat. (rF+++) [Xom's mischief]
 24828 | Orc:1    | Lost mutation: You have a somewhat thin skeletal structure.
                  | (Dex +2, Stealth+) [Xom's mischief]
 24908 | Orc:1    | XOM: chaos upgrade
 25062 | Orc:2    | Entered Level 2 of the Orcish Mines
 25070 | Orc:2    | XOM: divination: magic mapping
 25086 | Orc:2    | XOM: summons 2 friendly demons
 25089 | Orc:2    | XOM: smoke on damage
 25276 | Orc:2    | XOM: summons 10 friendly demons
 25278 | Orc:2    | XOM: divine lightning
 25387 | Orc:2    | XOM: enchant monster (good)
 25392 | Orc:2    | XOM: cleaving
 25393 | Orc:2    | XOM: enchant monster (good)
 25438 | Orc:1    | XOM: cloud trail
 25462 | Orc:1    | XOM: god gift: scroll of brand weapon
 25544 | Orc:2    | XOM: summons friendly shadow imp
 25607 | Orc:1    | XOM: confuse monster(s)
 25670 | Orc:1    | XOM: divine lightning
 26007 | Orc:2    | XOM: polymorph orc -> jelly
 26010 | Orc:2    | XOM: cleaving
 26093 | Orc:2    | XOM: silly message
 26094 | Orc:2    | XOM: silly message
 26167 | Orc:2    | Found Huostro's General Store.
 26168 | Orc:2    | Found Covumn's Magic Scroll Emporium.
 26168 | Orc:2    | Found Sapruez's Antique Armour Shop.
 26171 | Orc:2    | Found Otryvvor's Assorted Antiques.
 26178 | Orc:2    | Bought a potion of curing for 39 gold pieces
 26178 | Orc:2    | Bought a potion of curing for 39 gold pieces
 26220 | Orc:2    | XOM: potion effect (invisibility)
 26256 | Orc:2    | Found a staircase to the Elven Halls.
 26582 | Orc:2    | Bought a scroll of enchant weapon for 105 gold pieces
 26582 | Orc:2    | Bought a scroll of teleportation for 42 gold pieces
 26582 | Orc:2    | Bought a scroll of fear for 56 gold pieces
 26582 | Orc:2    | Bought a scroll of fear for 56 gold pieces
 26582 | Orc:2    | Bought a scroll of identify for 28 gold pieces
 26582 | Orc:2    | Bought a scroll of identify for 28 gold pieces
 26582 | Orc:2    | Bought a scroll of identify for 28 gold pieces
 26769 | D:13     | XOM: summons friendly crimson imp
 26851 | D:13     | Reached XP level 16. HP: 90/117 MP: 0/0
 26968 | D:13     | XOM: divination: detect creatures
 26969 | D:13     | XOM: silly message
 27063 | D:13     | XOM: give mutations
 27063 | D:13     | Gained mutation: Your spells are a little harder to cast,
                  | but a little more powerful. [Xom's grace]
 27063 | D:13     | Gained mutation: Your flesh is almost immune to the effects
                  | of heat. (rF+++) [Xom's grace]
 27284 | D:13     | XOM: god gift: wand of roots (1)
 27427 | D:13     | Found a burning altar of Makhleb.
 27846 | D:14     | XOM: god gift: 854 gold pieces
 27970 | D:14     | XOM: summons 9 hostile demons
 28020 | D:14     | XOM: enchant monster (good)
 28252 | D:14     | Found a gate to the Vaults.
 28542 | D:14     | XOM: summons 5 friendly demons
 28548 | D:14     | XOM: potion effect (haste)
 28699 | D:14     | XOM: god gift: scroll labelled GIMNIO MUINUFEO {god gift}
 28786 | D:14     | XOM: scenery: summon butterflies
 28788 | D:14     | XOM: polymorph butterfly -> shapeshifter
 29064 | D:14     | Reached skill level 1 in Shields
 29252 | D:15     | Entered Level 15 of the Dungeon
 29419 | D:15     | Found a staircase to the Depths.
 29491 | D:15     | XOM: noise
 29505 | D:15     | XOM: enchant monster (good)
 29506 | D:15     | XOM: summons friendly crimson imp
 29938 | D:15     | XOM: summons 2 friendly demons
 30326 | Lair:3   | XOM: god gift: staff of conjuration
 30335 | Swamp:1  | Entered Level 1 of the Swamp
 30335 | Swamp:1  | Noticed a thorn hunter
 30399 | Lair:3   | Killed from afar by a thorn hunter

Illustrated notes

Levels and vault maps discovered:
D:1:      matt_arrival_refuge, layout_loops_cross,
          nicolae_kite_square_tiling_tiny
D:2:      layout_rooms, basic_altar, uniq_sigmund
D:3:      layout_loops_corners, gup_sewer_entry_bubbles,
          nicolae_ecumenical_snake_handling, minmay_hedge_maze
D:4:      layout_rooms, riverfiend_overflow_shadow_ancestor,
          mainiacjoe_overflow_brackets, serial_corexii_hall,
          chequers_hall_statues_corner_a, corexii_hall_statues_l, uniq_grinder
D:5:      layout_layer_cave, lemuel_round_altar, ebering_ghost_sewer_d
D:6:      layout_cave_pools, temple_statues, serial_shops, shop,
          hangedman_abyss_or_decor_stabs, uniq_pikel, uniq_maggie,
          uniq_blork_the_orc
D:7:      layout_rooms
D:8:      layout_basic, nicolae_shop_sticking_my_neck_out
D:9:      layout_loops_cross, makhleb_altar_promises_db
D:10:     layout_cave_pools, pf_just_have_faith, david_lair_generic,
          lightli_bailey_entry_fortress, uniq_nergalle
D:11:     layout_cave_pods, uniq_gastronok
D:12:     layout_basic, orc_0_dummy, mainiacjoe_labyrinth_nostalgia
D:13:     layout_stronghold, minmay_ruined_shrine
D:14:     layout_basic, erik_vaults_1, minmay_misc_feat_tiny,
          minmay_gold_behind_fungi, minmay_misc_feat_hallway
D:15:     hangedman_depths_entry_civil_slaughter, layout_rooms
Lair:1:   wad_woods_minihive, layout_loops_ring, patterned_corridor
Lair:2:   layout_chaotic_city, nzn_masters_of_martial_movement
Lair:3:   hangedman_what_comes_after_a, layout_gridlike, swamp_mist,
          nicolae_snake_entry_squirm, chequers_serial_rivers_micro_b
Lair:4:   nzn_winding_woodlands_small [nzn_winding_woodlands_5x15_cabin,
          nzn_winding_woodlands_center_triple_pond,
          nzn_winding_woodlands_5x15_concentric], layout_cave_pods,
          infiniplex_staircase_pool, uniq_josephine
Lair:5:   guppyfry_lair_end_dragon, layout_gridlike,
          hangedman_lair_caniforms_friends, nicolae_slime_entry_field_trip,
          chequers_serial_rivers_marsh, serial_bayou_shore_a,
          serial_bayou_shore_b
Swamp:1:  layout_basic_swamp, hangedman_swamp_diagram, swamp_pool_1_2
Orc:1:    nicolae_orc_accident_1, layout_caves, serial_shops, shop,
          mines4_lemuel, uniq_erica
Orc:2:    st_orc_rangers, layout_caves, bh_open_orc_temple

Skill      XL: |  1  2  3  4  5  6  7  8  9 10 11 12 13 14 15 16 |
---------------+-------------------------------------------------+-----
Spellcasting   | 2 3 4 5 7 8 9 10 11 12 | 12.0
Conjurations   | 2 3 4 5 7 8 9 10 11 12 | 12.0
Hexes          | 2 3 4 5 7 8 9 10 11 12 | 12.0
Summonings     | 2 3 4 5 7 8 9 10 11 12 | 12.0
Necromancy     | 2 3 4 5 7 8 9 10 11 12 | 12.0
Translocations | 2 3 4 5 7 8 9 10 11 12 | 12.0
Fire Magic     | 2 3 4 5 7 8 9 10 11 12 | 12.0
Ice Magic      | 2 3 4 5 7 8 9 10 11 12 | 12.0
Air Magic      | 2 3 4 5 7 8 9 10 11 12 | 12.0
Earth Magic    | 2 3 4 5 7 8 9 10 11 12 | 12.0
Alchemy        | 2 3 4 5 7 8 9 10 11 12 | 12.0
Long Blades    | 3 4 5 6 7 8 9 10 11 | 11.1
Armour         | 2 3 4 5 6 7 8 9 10 11 | 11.7
Dodging        | 3 4 5 6 7 8 9 10 11 12 | 12.9
Fighting       | 4 5 6 7 8 9 10 11 12 | 12.1
Evocations     | 1 3 5 6 8 9 |  9.3
Shields        | 2 |  2.8

Action                     |  1- 3 |  4- 6 |  7- 9 | 10-12 | 13-15 | 16-18 || total
---------------------------+-------+-------+-------+-------+-------+-------++-------
  Melee: Falchion          |    95 |   159 |   501 |       |       |       ||   755
         Punch             |       |     2 |     8 |    14 |    14 |     5 ||    43
         Scimitar          |       |       |     8 |   936 |       |       ||   944
         Headbutt          |       |       |       |    93 |   316 |    72 ||   481
         Long sword        |       |       |       |       |  1215 |   221 ||  1436
   Cast: Martyr's Knell    |       |       |     1 |    10 |     4 |       ||    15
         Searing Ray       |       |       |       |     1 |       |       ||     1
         Brom's Barrelling |       |       |       |    27 |     6 |     3 ||    36
         Fireball          |       |       |       |       |    21 |       ||    21
         Plasma Beam       |       |       |       |       |   129 |    79 ||   208
  Evoke: Wand              |       |       |     1 |     5 |       |     1 ||     7
    Use: Scroll            |       |       |     7 |     8 |    10 |     2 ||    27
         Potion            |       |       |       |       |     4 |     1 ||     5
   Stab: Sleeping          |     1 |       |       |     1 |     1 |       ||     3
         Petrifying        |       |     1 |     2 |       |       |       ||     3
         Petrified         |       |       |    12 |       |     1 |       ||    13
         Invisible         |       |       |     5 |     2 |     1 |       ||     8
         Confused          |       |       |     1 |     7 |     2 |       ||    10
         Distracted        |       |       |     1 |       |     4 |     1 ||     6
         Paralysed         |       |       |       |     7 |     1 |       ||     8
 Armour: Leather armour    |    58 |    82 |    76 |       |       |       ||   216
         Ring mail         |       |       |   253 |   835 |   911 |       ||  1999
         Acid dragon scale |       |       |    66 |    45 |   309 |   231 ||   651
  Dodge: Dodged            |    76 |   129 |   395 |   941 |  1567 |   268 ||  3376
  Block: Other             |     5 |    44 |    94 |   229 |   281 |    30 ||   683
         Buckler           |       |       |       |       |       |    42 ||    42

Table legend: (Time is in decaauts)
 A = Elapsed time spent in this place.
 B = Non-inter-level travel time spent in this place.
 C = Inter-level travel time spent in this place.
 D = Time resting spent in this place.
 E = Time spent auto-exploring this place.
 F = Levels seen in this place.
 G = Mean time per level.
                   A        B        C        D        E       F      G
               +--------+--------+--------+--------+--------+-----+--------+
         Total |  30459 |  29412 |   1047 |   8278 |  14488 |  25 | 1218.4 |
       Dungeon |  20434 |  19767 |    667 |   6705 |   9652 |  15 | 1362.3 |
          Lair |   6609 |   6326 |    283 |    693 |   3410 |   5 | 1321.8 |
         Swamp |      8 |      8 |      0 |      0 |      0 |   1 |    8.0 |
  Orcish Mines |   2341 |   2246 |     95 |    755 |    894 |   2 | 1170.5 |
         Sewer |    703 |    703 |      0 |     91 |    431 |   1 |  703.0 |
        Bailey |    362 |    362 |      0 |     34 |    101 |   1 |  362.0 |
               +--------+--------+--------+--------+--------+-----+--------+

Top non-repeatable levels by time:
     D:1: 5482 daAuts
    D:14: 1735 daAuts
   Orc:1: 1699 daAuts
  Lair:4: 1583 daAuts
  Lair:3: 1453 daAuts
     D:3: 1369 daAuts
     D:5: 1341 daAuts
  Lair:1: 1288 daAuts
  Lair:5: 1283 daAuts
     D:2: 1208 daAuts
     D:6: 1144 daAuts
    D:12: 1095 daAuts
    D:13: 1058 daAuts
  Lair:2: 999 daAuts
     D:7: 940 daAuts
